 Dungeon Crawl Stone Soup version 0.20.0-8-g6b59dc7 (webtiles) character file.

72 Ketharn the Chopper (level 4, -6/38 HPs)
             Began as a Hill Orc Gladiator on May 31, 2017.
             Was a Follower of Zin.
             Mangled by an ogre
             ... wielding a cursed -1 giant club
              (11 damage)
             ... on level 3 of the Dungeon.
             The game lasted 00:05:40 (1820 turns).

Ketharn the Chopper (Hill Orc Gladiator)            Turns: 1820, Time: 00:05:41

Health: -6/38      AC:  9    Str: 17    XL:     4   Next: 26%
Magic:  4/4        EV:  7    Int:  8    God:    Zin [*.....]
Gold:   110        SH:  0    Dex: 12    Spells: 3/3 levels left

rFire    . . .     SeeInvis .   t - +2 long sword (slice)
rCold    . . .     Gourm    .   (no shield)
rNeg     . . .     Faith    .   k - +0 chain mail
rPois    .         Spirit   .   c - +0 helmet
rElec    .         Reflect  .   (no cloak)
rCorr    .         Harm     .   (no gloves)
MR       .....                  (no boots)
Stlth    ..........             (no amulet)
Regen    0.2/turn               (no ring)
MPRegen  0.1/turn               (no ring)

@: no status effects
A: no striking features
a: Recite, Donate Gold, Renounce Religion


You were on level 3 of the Dungeon.
You worshipped Zin.
Zin was aware of your devotion.
You were full.

You visited 1 branch of the dungeon, and saw 3 of its levels.

You collected 122 gold pieces.
You donated 12 gold pieces to Zin.

Inventory:

Hand Weapons
 t - a +2 long sword of slicing (weapon)
Missiles
 d - 3 throwing nets
 g - 37 stones (quivered)
 q - 3 tomahawks
Armour
 c - a +0 helmet (worn)
 k - a +0 chain mail (worn)
Scrolls
 a - a scroll of recharging {unknown}
 b - 2 scrolls of noise {unknown}
 l - 2 scrolls of fear {unknown}
 m - 3 scrolls of identify {unknown}
 o - a scroll of remove curse {unknown}
 p - a scroll of enchant weapon {unknown}
 s - a scroll of immolation {unknown}
Potions
 e - a potion of heal wounds {unknown}
 h - 5 potions of curing {unknown}
 i - a potion of cancellation {unknown}
 n - a potion of degeneration {unknown}
 r - a potion of mutation {unknown}
Comestibles
 f - 3 bread rations
 j - 2 meat rations


   Skills:
 + Level 3.1 Fighting
 + Level 0.4 Long Blades
   Level 5.3 Axes
 + Level 1.9 Throwing
 + Level 0.4 Armour
 + Level 2.8 Dodging
 + Level 0.1 Stealth


You had 3 spell levels left.
You didn't know any spells.

Dungeon Overview and Level Annotations

Branches:
Dungeon (3/15)

Altars:
Nemelex Xobeh
Zin


Message History

You are too injured to fight recklessly!
You are too injured to fight recklessly!
You are too injured to fight recklessly!
You hit the kobold.
The kobold is severely wounded.
The kobold closely misses you. The ogre hits you with a giant club!
* * * LOW HITPOINT WARNING * * *
The kobold hits you with a short sword.
* * * LOW HITPOINT WARNING * * *
You closely miss the kobold.
The kobold is severely wounded.
The ogre closely misses you. The kobold barely misses you.
You riposte.
You barely miss the kobold.
The kobold is severely wounded.
You hit the ogre.
The ogre is severely wounded.
The kobold hits you with a short sword.
* * * LOW HITPOINT WARNING * * *
The ogre hits you with a giant club!
You die...

.#. .### ..
..... #. ..(..
# #.####...#.#
#. ......(.?...
#.##.....#.....
#....†O%(#.#..#
#...@K(......#
#...††.......
##$....(..##.#
#...........#
##.#. .#
#.##..#.###.#
#...> .#
#...........#
#. .. .#
###...#######
#. #.##.# #...#
###.##..#.#
#...#


You could see an ogre and a kobold.

Vanquished Creatures
  2 adders (D:2)
  An ooze (D:2)
  3 dart slugs
  2 leopard geckos
  2 giant cockroaches
  5 goblins
  6 hobgoblins
  A ball python (D:3)
  7 bats
  3 frilled lizards
  5 kobolds
  4 rats
41 creatures vanquished.

Notes
Turn   | Place    | Note
-------+----------+-------------------------------------------
     0 | D:1      | Ketharn the Hill Orc Gladiator began the quest for the Orb.
     0 | D:1      | Reached XP level 1. HP: 18/18 MP: 1/1
   156 | D:1      | Reached XP level 2. HP: 13/25 MP: 2/2
   729 | D:1      | Reached XP level 3. HP: 29/30 MP: 3/3
  1022 | D:2      | Reached skill level 5 in Axes
  1397 | D:2      | Found a sparkling altar of Nemelex Xobeh.
  1488 | D:2      | Reached XP level 4. HP: 38/38 MP: 4/4
  1523 | D:2      | Found a glowing silver altar of Zin.
  1526 | D:2      | Became a worshipper of Zin the Law-Giver
  1526 | D:2      | Reached * piety under Zin
  1809 | D:3      | Noticed an ogre
  1820 | D:3      | Mangled by an ogre

Skill      XL: |  1  2  3 |
---------------+----------+-----
Axes           | 5 |  5.3
Fighting       | 3 |  3.1
Long Blades    | |  0.4
Throwing       | |  1.9
Armour         | |  0.4
Dodging        | |  2.8
Stealth        | |  0.1

Action                   |  1- 3 |  4- 6 || total
-------------------------+-------+-------++-------
Melee: War axe           |    71 |     6 ||    77
       Long sword        |       |    27 ||    27
Throw: Stone             |     7 |    11 ||    18
  Eat: Bread ration      |     2 |       ||     2
Armor: Leather armour    |     9 |       ||     9
       Chain mail        |    29 |    26 ||    55
Dodge: Dodged            |    48 |    17 ||    65
       Rpst.: Long sword |       |     3 ||     3
